 Dungeon Crawl Stone Soup version 0.23.2-40-g277498a (webtiles) character file.

Game seed: 10526956346713275304

75271 Fang the Fighter (level 15, -41/101 HPs)
             Began as a Gargoyle Berserker on Sept 4, 2019.
             Was the Champion of Trog.
             Annihilated by a titanic slime creature (77 damage)
             ... on level 15 of the Dungeon.
             The game lasted 00:26:42 (19867 turns).

Fang the Fighter (Gargoyle Berserker)              Turns: 19867, Time: 00:26:43

Health: -41/101    AC: 38    Str: 35    XL:     15   Next: 49%
Magic:  15/15      EV: 14    Int:  8    God:    Trog [******]
Gold:   1733       SH:  0    Dex:  9    Spells: 14/14 levels left

rFire    . . .     SeeInvis .   Q - +6 executioner's axe (elec)
rCold    . . .     Gourm    .   (shield currently unavailable)
rNeg     + . .     Faith    .   s - +8 chain mail of the Hurricane {rElec}
rPois    ∞         Spirit   .   (no helmet)
rElec    +         Reflect  .   P - +1 cloak {+Inv}
rCorr    +         Harm     .   w - +2 pair of gloves
MR       .....                  (no boots)
Stlth    ..........             B - amulet of regeneration
HPRegen  0.66/turn              h - ring "Cocaaq" {rCorr +Inv +Fly MR- Str+8}
MPRegen  0.14/turn              e - +3 ring of slaying

@: about to teleport, flying
A: big wings, negative energy resistance 1, electricity resistance, unbreathing,
petrification resistance, rot immunity, AC +11
a: Stop Flying, Berserk, Trog's Hand, Brothers in Arms, Renounce Religion, Evoke
Invisibility


You were on level 15 of the Dungeon.
You worshipped Trog.
Trog was exalted by your worship.
You were not hungry.

You visited 3 branches of the dungeon, and saw 22 of its levels.
You visited the Abyss 1 time.
You also visited: Ossuary and Bailey.

You collected 1733 gold pieces.

Inventory:

Hand Weapons
 a - a +6 war axe
 v - a +9 broad axe of chopping
 A - a +5 antimagic battleaxe
 C - a +0 battleaxe of flaming
 Q - a +6 executioner's axe of electrocution (weapon)
Armour
 b - a +8 plate armour of cold resistance
 s - the +8 chain mail of the Hurricane (worn) {rElec}
   (You found it on level 5 of the Dungeon)

   It insulates you from electricity.
 w - a +2 pair of gloves (worn)
 L - a scarf of spirit shield
 P - a +1 cloak of invisibility (worn)
Jewellery
 d - a +1 ring of evasion
 e - a +3 ring of slaying (right hand)
 h - the ring "Cocaaq" (left hand) {rCorr +Inv +Fly MR- Str+8}
   (You found it on level 9 of the Dungeon)

   [ring of resist corrosion]

   It affects your strength (+8).
   It affects your resistance to hostile enchantments.
   It lets you turn invisible.
   It lets you fly.
 B - an amulet of regeneration (around neck)
 E - a cursed ring of protection from fire {unknown}
 K - the ring "Jimaun" {*Tele Dex+6}
   (You found it on level 4 of the Lair of Beasts)

   [ring of teleportation]

   It may teleport you next to monsters.
   It affects your dexterity (+6).
 N - an uncursed ring of protection from cold
Wands
 j - a wand of disintegration (17)
 p - a wand of iceblast (28)
 u - a wand of paralysis (22)
 y - a wand of polymorph (13)
 D - a wand of acid (33)
 F - a wand of enslavement (8)
 G - a wand of scattershot (13)
 I - a wand of random effects (31)
 J - a wand of digging (3)
Scrolls
 f - 3 scrolls of fog
 m - 3 scrolls of magic mapping
 r - 3 scrolls of fear
 t - 8 scrolls of identify
 H - 3 scrolls of remove curse
 M - a scroll of summoning
 O - 2 scrolls of teleportation
 R - a scroll of blinking
Potions
 g - 2 potions of cancellation
 l - 10 potions of curing
 n - 5 potions of agility
 o - 4 potions of haste
 q - 2 potions of resistance
 x - 2 potions of magic
 z - 2 potions of might
Comestibles
 c - 48 rations
 i - 8 chunks of flesh


   Skills:
 + Level 14.7 Fighting
 + Level 12.6 Axes
 + Level 14.6 Armour
 + Level 11.6 Dodging


You had 14 spell levels left.
You didn't know any spells.
Your spell library was empty.

Dungeon Overview and Level Annotations

Branches:
Dungeon (15/15)            Temple (1/1) D:5            Lair (6/6) D:10
  Swamp (0/4) Lair:2       Spider (0/4) Lair:4          Orc (0/2) D:9
 Vaults (0/5) D:14
  Slime: Lair:5-6    Depths: D:15

Altars:
Makhleb
Xom
The Shining One

Shops:
D:7 (   D:8 (([}*   D:9 :   D:12 !=*=

Annotations:
D:8 1 runed translucent door, MollyMolluskus's ghost, novice OpBe
D:12 exclusion: oklob plant
Lair:5 1 runed translucent door, exclusion: oklob plant, growler's ghost, journeyman OpEE


Innate Abilities, Weirdness & Mutations

You are resistant to torment.
Your stone body is resilient. (AC +11)
You are immune to poison.
Your large and strong wings let you fly indefinitely.
You resist negative energy. (rN+)
You are resistant to electric shocks. (rElec)
You can survive without breathing.
You are immune to petrification.
You are immune to rotting.


Message History

You are too injured to fight recklessly!
You are too injured to fight recklessly!
You are too injured to fight recklessly!
You are too injured to fight recklessly!
You are too injured to fight recklessly!
You are too injured to fight recklessly!
You are too injured to fight recklessly!
The centaur warrior skeleton barely misses you.
The cyan ugly thing basks in the mutagenic energy from its kin and changes!
You are too injured to fight recklessly!
You feel much better.
The centaur warrior skeleton hits you but does no damage.
The centaur warrior skeleton completely misses you.
The titanic slime creature hits you but does no damage.
As you read the scroll of teleportation, it crumbles to dust.
You feel strangely unstable.
The centaur warrior skeleton hits you but does no damage.
The titanic slime creature hits you!!!!
Ouch! That really hurt!
You die...

#............##..#.#
#.................(#
###.......[..........#
.....................#
..................<.)#
.................#
...............#.#
...............#.#
...............#@#####
.......#########JZuu.#
.......# ##Ju.....
######## ...?.[.
....... .......
....... .......
.......


You could see 3 ugly things, a titanic slime creature, a slime creature and a
centaur warrior skeleton.

Vanquished Creatures
  Rupert (D:13)
  A green draconian (Abyss:2)
  A fire dragon (Lair:6)
  An ogre mage (D:15)
  A vault guard (D:14)
  Erica (Lair:1)
  2 centaur warriors (D:14)
  7 hydras
  2 tengu warriors (D:14)
  3 two-headed ogres
  4 death yaks (Lair:6)
  A fire crab (Lair:6)
  4 unseen horrors
  3 necromancers (D:14)
  A lindwurm (Lair:6)
  A wizard (D:14)
  2 deep elf magi
  8 ugly things
  A manticore (D:15)
  8 slime creatures
  2 cyclopes
  5 elephants (Lair:6)
  8 black mambas
  7 molten gargoyles
  An orange demon (Abyss:2)
  2 gargoyles
  11 spiny frogs
  The ghost of paralogiki the Sneak, a novice OpAs (D:4)
  A komodo dragon (shapeshifter) (D:14)
  11 komodo dragons
  3 kobold demonologists (D:13)
  An ancient zyme (Abyss:2)
  3 trolls
  A queen bee (D:11)
  A hornet (D:9)
  2 polar bears
  2 bog bodies (Lair:2)
  7 dream sheep
  A meliai zombie (D:15)
  11 hippogriffs
  A tarantella (Lair:4)
  2 shadows
  5 wyverns
  2 water elementals (D:13)
  38 yaks
  2 wraiths
  A vampire (D:13)
  19 humans (D:14)
  A small abomination (Abyss:2)
  5 basilisks
  2 hungry ghosts
  7 vampire mosquitoes
  A warg (D:15)
  A steam dragon (Lair:6)
  2 acid dragons
  6 porcupines
  13 water moccasins
  5 orc warriors
  3 hell hounds (Lair:6)
  3 phantoms
  A sky beast (D:14)
  2 ice beasts (D:5)
  12 ogres
  10 centaurs
  24 wolves (Lair:4)
  12 crocodiles
  3 big kobolds
  17 bullfrogs
  A gnoll sergeant (D:7)
  A wyvern skeleton (D:11)
  6 scorpions
  21 killer bees
  12 wights
  7 howler monkeys
  4 electric eels
  7 crimson imps
  2 bullfrog zombies
  6 lava snakes
  A centaur zombie (D:5)
  2 quasits
  A jelly (D:7)
  6 hounds
  6 centaur skeletons
  3 orc priests
  2 iguanas
  10 orc wizards
  2 hell rats (Lair:6)
  6 worker ants
  3 hound skeletons
  A hound zombie (D:9)
  A mummy (Ossuary)
  5 gnolls (D:7)
  14 adders
  9 river rats (Lair:6)
  2 shadow imps
  A white imp (Abyss:2)
  3 oozes
  2 adder skeletons (D:4)
  2 worms (D:2)
  7 leopard geckos
  55 orcs
  A ball python (D:5)
  8 giant cockroaches
  A gnoll zombie (D:6)
  6 hobgoblins
  9 jackals
  4 quokkas
  6 bats
  A frilled lizard (D:4)
  7 gnoll skeletons (Ossuary)
  11 goblins
  A hobgoblin zombie (D:6)
  A jackal skeleton (D:6)
  14 kobolds
  8 kobold skeletons (Ossuary)
  2 leopard gecko skeletons
  10 orc skeletons (Ossuary)
  A quokka skeleton (D:7)
  7 rats
  4 fungi
  A plant (Lair:4)
648 creatures vanquished.

Vanquished Creatures (others)
  A yak (D:14)
  An orc priest (D:5)
  An orc wizard (D:8)
  An orc (D:8)
  7 fungi (Lair:6)
  8 plants (Lair:6)
19 creatures vanquished.

Grand Total: 667 creatures vanquished

Notes
Turn   | Place    | Note
-------+----------+-------------------------------------------
     0 | D:1      | Fang the Gargoyle Berserker began the quest for the Orb.
     0 | D:1      | Reached XP level 1. HP: 14/14 MP: 1/1
   540 | D:1      | Reached XP level 2. HP: 17/19 MP: 2/2
   848 | D:2      | HP: 1/28 [worm (4)]
   850 | D:2      | Reached XP level 3. HP: 1/23 MP: 3/3
  2016 | D:3      | Reached XP level 4. HP: 10/29 MP: 4/4
  2284 | D:3      | Found a glowing golden altar of the Shining One.
  2392 | D:3      | Reached XP level 5. HP: 33/33 MP: 5/5
  2529 | D:3      | Reached ** piety under Trog
  3370 | D:4      | Found a runed translucent door.
  3370 | D:4      | Noticed paralogiki's ghost (novice OpAs)
  3450 | D:4      | Reached XP level 6. HP: 28/39 MP: 6/6
  3834 | D:4      | Killed paralogiki's ghost
  3834 | D:4      | Reached skill level 5 in Fighting
  3834 | D:4      | Reached XP level 7. HP: 44/44 MP: 7/7
  3955 | D:5      | Entered Level 5 of the Dungeon
  3973 | D:5      | Reached skill level 5 in Armour
  4175 | D:5      | Reached XP level 8. HP: 32/51 MP: 8/8
  4533 | D:5      | Got a steaming chain mail
  4544 | D:5      | Identified the +8 chain mail of the Hurricane {rElec} (You
                  | found it on level 5 of the Dungeon)
  4662 | D:5      | Found a staircase to the Ecumenical Temple.
  4687 | Temple   | Entered the Ecumenical Temple
  4713 | D:5      | Reached skill level 5 in Axes
  5131 | D:6      | Found a sand-covered staircase.
  5135 | D:6      | Reached *** piety under Trog
  5142 | Ossuary  | Entered an ossuary
  5142 | Ossuary  | Noticed a wraith
  5142 | Ossuary  | Noticed a wraith
  5142 | Ossuary  | Noticed a wraith
  5185 | Ossuary  | Noticed a wraith
  5203 | Ossuary  | Killed a wraith
  5593 | D:6      | Reached XP level 9. HP: 39/56 MP: 9/9
  5802 | D:6      | Found a shimmering altar of Xom.
  5885 | D:6      | Found a shimmering altar of Xom.
  5887 | D:6      | Found a shimmering altar of Xom.
  5887 | D:6      | Found a shimmering altar of Xom.
  5888 | D:6      | Found a shimmering altar of Xom.
  5919 | D:6      | Reached skill level 5 in Dodging
  6266 | D:6      | You fall through a shaft for 2 floors!
  6275 | D:8      | Reached **** piety under Trog
  6387 | D:8      | Found a runed translucent door.
  6392 | D:8      | Found Wuluriups's Gadget Emporium.
  6393 | D:8      | Found Agirun's General Store.
  6437 | D:8      | Found Nioniq's Weapon Shoppe.
  6454 | D:8      | Found Ovaawn Wyam's Antique Weapon Emporium.
  6503 | D:8      | Found a shimmering altar of Xom.
  6503 | D:8      | Noticed MollyMolluskus's ghost (novice OpBe)
  6505 | D:8      | Noticed a +1 dagger of chaos
  6680 | D:8      | Found Daofuq's Armour Boutique.
  7612 | D:7      | Received a gift from Trog
  7955 | D:7      | Found Niezimm's Weapon Shop.
  8519 | D:9      | Reached XP level 10. HP: 32/64 MP: 10/10
  8528 | D:9      | Reached ***** piety under Trog
  8792 | D:9      | Got a coiled granite ring
  8830 | D:9      | Identified the ring "Cocaaq" {rCorr +Inv +Fly MR- Str+8}
                  | (You found it on level 9 of the Dungeon)
  8838 | D:9      | Found Ocish's Book Shop.
  9000 | D:9      | Found a staircase to the Orcish Mines.
  9232 | D:10     | Entered Level 10 of the Dungeon
  9290 | D:10     | Found a staircase to the Lair.
  9664 | D:10     | Identified the cursed +0 leather armour of the Forest {rF+
                  | Dex+8}
  9667 | D:10     | Received a gift from Trog
  9900 | D:11     | Reached XP level 11. HP: 71/71 MP: 11/11
 10022 | D:11     | Noticed a green ugly thing
 10030 | D:11     | Killed a green ugly thing
 10041 | D:11     | Reached skill level 10 in Fighting
 10443 | D:11     | Reached skill level 10 in Armour
 10463 | D:11     | Killed an unseen horror
 10998 | D:12     | Found Lydoav's Assorted Antiques.
 11071 | D:12     | Found Guapon's Jewellery Emporium.
 11114 | D:12     | Noticed a red ugly thing
 11133 | D:12     | Killed a red ugly thing
 11163 | D:12     | Found Hyorhav's Jewellery Boutique.
 11168 | D:12     | Found a burning altar of Makhleb.
 11169 | D:12     | Noticed an oklob plant
 11256 | D:12     | Found a flagged portal.
 11265 | Bailey   | Entered a bailey
 11276 | Bailey   | Noticed a deep elf mage
 11286 | Bailey   | Killed a deep elf mage
 11296 | Bailey   | Noticed a deep elf mage
 11297 | Bailey   | Noticed a deep elf mage
 11297 | Bailey   | Noticed a deep elf mage
 11297 | Bailey   | Noticed a deep elf mage
 11297 | Bailey   | Noticed a deep elf mage
 11298 | Bailey   | Noticed a deep elf mage
 11624 | D:12     | Found Kiotatia's Distillery.
 11638 | D:12     | Noticed a two-headed ogre
 11646 | D:12     | Killed a two-headed ogre
 11789 | D:13     | Noticed Rupert
 11792 | D:13     | Paralysed by Rupert for 4 turns
 11943 | Lair:1   | Entered Level 1 of the Lair of Beasts
 11954 | Lair:1   | Reached XP level 12. HP: 75/79 MP: 12/12
 12162 | Lair:1   | Noticed Erica
 12174 | Lair:1   | Killed Erica
 12695 | Lair:2   | Received a gift from Trog
 12761 | Lair:2   | Found a staircase to the Swamp.
 12863 | Lair:2   | Noticed an eight-headed hydra
 12869 | Lair:2   | Killed a ten-headed hydra
 13418 | Lair:3   | Noticed a six-headed hydra
 13424 | Lair:3   | Killed a nine-headed hydra
 13424 | Lair:3   | Reached skill level 10 in Axes
 13788 | Lair:4   | Got a scorched turquoise ring
 13801 | Lair:4   | Identified the ring "Jimaun" {*Tele Dex+6} (You found it on
                  | level 4 of the Lair of Beasts)
 13883 | Lair:4   | Found a hole to the Spider Nest.
 13907 | Lair:4   | Reached XP level 13. HP: 86/86 MP: 13/13
 14500 | Lair:5   | Found a runed translucent door.
 14523 | Lair:5   | Noticed growler's ghost (journeyman OpEE)
 15230 | Lair:6   | Entered Level 6 of the Lair of Beasts
 15454 | Lair:6   | Reached skill level 10 in Dodging
 15627 | Lair:6   | Reached ****** piety under Trog
 15810 | Lair:6   | Received a gift from Trog
 15934 | Lair:6   | Gained mutation: Your large and strong wings let you fly
                  | indefinitely. [Gargoyle growth]
 15934 | Lair:6   | Reached XP level 14. HP: 94/94 MP: 14/14
 16335 | Lair:6   | Found a large runed translucent door.
 16335 | Lair:6   | Found a large runed translucent door.
 17054 | D:13     | Killed Rupert
 17474 | D:13     | Received a gift from Trog
 18547 | D:14     | Reached XP level 15. HP: 88/100 MP: 15/15
 18650 | D:14     | Cast into level 2 of the Abyss (a wizard)
 18828 | D:14     | Escaped the Abyss
 19025 | D:14     | Received a gift from Trog
 19139 | D:14     | Identified the +1 scale mail of the Thinker {-Cast rN+
                  | Int+2}
 19206 | D:14     | Found a gate to the Vaults.
 19698 | D:15     | Entered Level 15 of the Dungeon
 19864 | D:15     | HP: 5/101 [titanic slime creature (82)]
 19867 | D:15     | Annihilated by a titanic slime creature

Skill      XL: |  1  2  3  4  5  6  7  8  9 10 11 12 13 14 |
---------------+-------------------------------------------+-----
Axes           | 3 4 5 6 8 9 10 11 12 | 12.6
Dodging        | 2 3 4 5 7 8 9 10 11 | 11.6
Armour         | 3 4 5 6 7 9 10 11 13 14 | 14.6
Fighting       | 4 5 6 8 9 10 12 13 14 | 14.7

Action                   |  1- 3 |  4- 6 |  7- 9 | 10-12 | 13-15 || total
-------------------------+-------+-------+-------+-------+-------++-------
Melee: Hand axe          |    88 |       |       |       |       ||    88
       War axe           |    32 |   128 |   368 |   410 |       ||   938
       Broad axe         |       |       |       |    77 |   584 ||   661
       Executioner's axe |       |       |       |       |    76 ||    76
Invok: Berserk           |     1 |     1 |     3 |     6 |    13 ||    24
       Trog's Hand       |       |       |       |     1 |       ||     1
 Abil: Fly               |       |       |       |       |     1 ||     1
  Use: Scroll            |       |     5 |     2 |    27 |    10 ||    44
       Potion            |       |       |       |     3 |     2 ||     5
 Stab: Sleeping          |     1 |     4 |       |       |       ||     5
  Eat: Chunk             |     4 |     6 |    19 |    24 |    24 ||    77
       Ration            |       |       |       |     1 |     2 ||     3
Armor: Animal skin       |    38 |    48 |    11 |       |       ||    97
       Chain mail        |       |       |   256 |   450 |   730 ||  1436
Dodge: Dodged            |    92 |    88 |   262 |   469 |   607 ||  1518
